 Dungeon Crawl Stone Soup version 0.32-a0-779-g362cfcae2a (webtiles) character file.

Game seed: 14108227425390486770

10 WolfHunter the Trooper (level 2, -3/26 HPs)
             Began as a Mountain Dwarf Fighter on Mar 19, 2024.
             Succumbed to their own poison gas
             ... on level 1 of the Dungeon.
             The game lasted 00:04:13 (173 turns).

WolfHunter the Trooper (Mountain Dwarf Fighter)      Turns: 173, Time: 00:04:14

Health: -3/26      AC:  6    Str: 18    XL:     2   Next: 10%
Magic:  2/2        EV:  8    Int:  8    God:
Gold:   25         SH:  4    Dex:  9    Spells: 1/1 levels left

rFire   . . .        a - +0 war axe
rCold   . . .        c - +0 buckler
rNeg    . . .        b - +0 scale mail
rPois   .            (no helmet)
rElec   .            (no cloak)
rCorr   .            (no gloves)
SInv    .            (no boots)
Will    .....        (no amulet) Stlth
                     (no ring)
HPRegen 0.24/turn    (no ring)
MPRegen 0.08/turn

%: no passive effects
@: lethally poisoned (-3 -> -40)
A: runic magic, artefact enchanting
a: no special abilities


You were on level 1 of the Dungeon.
You visited 1 branch of the dungeon, and saw 1 of its levels.

You collected 25 gold pieces.

Inventory:

Hand Weapons
 a - a +0 war axe (weapon)
Armour
 b - a +0 scale mail (worn)
 c - a +0 buckler (worn)
Potions
 d - a potion of heal wounds {unknown}
 g - a potion of curing


   Skills:
 + Level 3.6 Fighting
 + Level 2.5 Axes
 + Level 3.4 Armour
 + Level 3.4 Shields


You had one spell level left.
You didn't know any spells.
Your spell library was empty.

Dungeon Overview and Level Annotations

Branches:
Dungeon (1/15)

Altars:


Innate Abilities, Weirdness & Mutations

Your spellcasting is much less encumbered by armour.
You can use scrolls of enchantment on lesser artefacts.


Message History

You slash the giant cockroach!
You kill the giant cockroach!
You have reached level 2!
Found 14 gold pieces.
You see here a +0 pair of boots.
An endoplasm comes into view.
HP restored.
f - a scroll of identify
Items here: ( ) ††.
g - a coppery potion You now have 11 gold pieces.
An endoplasm is nearby!
The endoplasm quivers.
Found 3 poisoned darts.
You hit the endoplasm.
The endoplasm is moderately wounded.
You block the endoplasm's attack.
You hit the endoplasm.
The endoplasm is heavily wounded.
You block the endoplasm's attack. The endoplasm barely misses you.
You slash the endoplasm!
You kill the endoplasm!
You now have 25 gold pieces (gained 14).
You see here 3 poisoned darts.
As you read the scroll of identify, it crumbles to dust.
g - a potion of curing A kobold comes into view.
It is wielding a +0 club.
The kobold shouts!
The air fills with toxic fumes!
As you read the scroll labelled WICHIKL VEBLO, it crumbles to dust.
It was a scroll of poison.
Okay, then.
Okay, then.
Okay, then.
You are engulfed in poison gas.
You are poisoned.
You feel very sick.
You are engulfed in poison gas.
You are more poisoned.
* * * LOW HITPOINT WARNING * * *
You die...

.......)....#######
..ß......ß.........
............#######
...........§##########
..ß...†)[ß.§§§§§§§§§§#
#..........§§§§§§§§§§#
#...ß..ß...§§§§§§§§§§#
##.........§§§§§§§§§§#
##.....##.§§§§§@§.§§#
###.#.##.§§§§§§§§§§#
#.#.##.§§§§§§§§§§#
..#.###§#######§## ##
#.# #.# #§# ... .# #§#
#.# ♣K♣ #.# .P ..#


There were no monsters in sight!

Vanquished Creatures
  A ball python (D:1)
  2 endoplasms (D:1)
  A giant cockroach (D:1)
  A hobgoblin (D:1)
  A kobold (D:1)
  2 bats (D:1)
8 creatures vanquished.

Notes
Turn   | Place    | Note
-------+----------+-------------------------------------------
     0 | D:1      | WolfHunter the Mountain Dwarf Fighter began the quest for
                  | the Orb.
     0 | D:1      | Reached XP level 1. HP: 19/19 MP: 1/1
   126 | D:1      | Reached XP level 2. HP: 24/26 MP: 2/2
   173 | D:1      | Succumbed to their own poison gas

Illustrated notes

Levels and vault maps discovered:
D:1:      minmay_arrival_arboretum_large, layout_basic, minmay_misc_feat_plants,
          dreamdust_princess_corridor, minivault_14

Action                     || total
---------------------------++-------
  Melee: War axe           ||    21
    Use: Scroll            ||     4
         Potion            ||     1
 Armour: Scale mail        ||    14
  Dodge: Dodged            ||    12
  Block: Buckler           ||    13

Table legend: (Time is in decaauts)
 A = Elapsed time spent in this place.
 B = Non-inter-level travel time spent in this place.
 C = Inter-level travel time spent in this place.
 D = Time resting spent in this place.
 E = Time spent auto-exploring this place.
 F = Levels seen in this place.
 G = Mean time per level.
                   A        B        C        D        E       F      G
               +--------+--------+--------+--------+--------+-----+--------+
         Total |    181 |     71 |    110 |      0 |      0 |   1 |  181.0 |
       Dungeon |    181 |     71 |    110 |      0 |      0 |   1 |  181.0 |
               +--------+--------+--------+--------+--------+-----+--------+

Top non-repeatable levels by time:
     D:1: 181 daAuts
